| TOP OF THE 1ST |
|
Los Angeles (NYP) Angels batting - Pitching for Lowell Spinners : RHP Andy Garvin
|
|
Pitching: RHP Andy Garvin
|
|
|
Batting: LHB Jonathon Walton
|
0-0: Ball 1-0: Swinging Strike 1-1: Called Strike 1-2: Ground out 4-3 (Groundball, 34, EV 82.5 MPH)
|
|
Batting: RHB Dan Burkhart
|
0-0: Called Strike 0-1: Ball 1-1: Ball 2-1: Called Strike 2-2: Strikes out swinging
|
|
Batting: LHB Matthew Bale
|
0-0: Called Strike 0-1: Foul Ball, location: 2F 0-2: Ball 1-2: Strikes out swinging
|
| Top of the 1st over - 0 runs, 0 hits, 0 errors, 0 left on base; Los Angeles (NYP) 0 - Lowell 0 |
| BOTTOM OF THE 1ST |
|
Lowell Spinners batting - Pitching for Los Angeles (NYP) Angels : RHP Tim Mumpower
|
|
Pitching: RHP Tim Mumpower
|
|
|
Batting: LHB Sergio Tinoco
|
0-0: Called Strike 0-1: Called Strike 0-2: Ball 1-2: Ground out 4-3 (Groundball, 4, EV 78.8 MPH)
|
|
Batting: RHB Sal Rivera
|
0-0: Ball 1-0: Ball 2-0: Called Strike 2-1: Swinging Strike 2-2: Foul Ball, location: 2F 2-2: Foul Ball, location: 2F 2-2: Strikes out looking
|
|
Batting: LHB Frank Olivo
|
0-0: Called Strike 0-1: Ball 1-1: Called Strike 1-2: Ball 2-2: Ground out 5-3 (Groundball, 56S, EV 76.9 MPH)
|
| Bottom of the 1st over - 0 runs, 0 hits, 0 errors, 0 left on base; Los Angeles (NYP) 0 - Lowell 0 |
| TOP OF THE 2ND |
|
Los Angeles (NYP) Angels batting - Pitching for Lowell Spinners : RHP Andy Garvin
|
|
Batting: RHB Gary Horgan
|
0-0: Ball 1-0: Foul Ball, location: 2F 1-1: Ball 2-1: Foul Ball, location: 2F 2-2: Fly out, F8 (Flyball, 8RM, EV 81.9 MPH)
|
|
Batting: RHB Edward Hillock
|
0-0: Called Strike 0-1: Ball 1-1: Fly out, F8 (Flyball, 8RM, EV 78.8 MPH)
|
|
Batting: LHB Mutsuo IIda
|
0-0: Called Strike 0-1: Ball 1-1: Hit by Pitch
|
|
Batting: LHB Alberto Carrillo
|
0-0: Ball 1-0: Ball 2-0: Reached on error, E5 (Groundball, 56, EV 88.8 MPH) Mutsuo IIda to second
|
|
Batting: RHB Wilford Harper
|
0-0: Called Strike 0-1: Called Strike 0-2: Ball 1-2: Ball 2-2: Ground out 3-1 (Groundball, 34, EV 80.6 MPH)
|
| Top of the 2nd over - 0 runs, 0 hits, 1 error, 2 left on base; Los Angeles (NYP) 0 - Lowell 0 |
| BOTTOM OF THE 2ND |
|
Lowell Spinners batting - Pitching for Los Angeles (NYP) Angels : RHP Tim Mumpower
|
|
Batting: RHB Alex Cardenas
|
0-0: DOUBLE (Line Drive, 89D, EV 101.2 MPH)
|
|
Batting: RHB Travis Campbell
|
0-0: Ball 1-0: Ball 2-0: Called Strike 2-1: Foul Ball, location: 2F 2-2: Foul Ball, location: 2F 2-2: TRIPLE (Flyball, 7LD, EV 90.6 MPH) Alex Cardenas scores
|
|
Batting: RHB Curt Stallings
|
0-0: Called Strike 0-1: Swinging Strike 0-2: Ball 1-2: Strikes out looking
|
|
Batting: RHB Joe Sandoval
|
0-0: Ball 1-0: Ground out 6-3 (Groundball, 56, EV 76.2 MPH) Travis Campbell scores
|
|
Batting: RHB Andy Garvin
|
0-0: Called Strike 0-1: Ball 1-1: Foul Ball, location: 2F 1-2: SINGLE (Line Drive, 7LS, EV 89.4 MPH)
|
|
Batting: RHB Josh Smith
|
0-0: Called Strike Andy Garvin steals 2nd base 0-1: Ball 1-1: Called Strike 1-2: DOUBLE (Groundball, 5L, EV 104.4 MPH) Andy Garvin scores
|
|
Batting: LHB Sergio Tinoco
|
0-0: Ball 1-0: Foul Ball, location: 2F 1-1: Called Strike 1-2: Foul Ball, location: 2F 1-2: Foul Ball, location: 2F 1-2: Strikes out swinging
|
| Bottom of the 2nd over - 3 runs, 4 hits, 0 errors, 1 left on base; Los Angeles (NYP) 0 - Lowell 3 |
| TOP OF THE 3RD |
|
Los Angeles (NYP) Angels batting - Pitching for Lowell Spinners : RHP Andy Garvin
|
|
Batting: RHB J.R. Roberts
|
0-0: Ball 1-0: Ball 2-0: Ball 3-0: Foul Ball, location: 2F 3-1: Fly out, F7 (Flyball, 7, EV 94.4 MPH)
|
|
Batting: LHB Jonathon Walton
|
0-0: SINGLE (Line Drive, 5D, EV 98.8 MPH)
|
|
Batting: RHB Dan Burkhart
|
0-0: Foul Ball, location: 2F 0-1: Ball Jonathon Walton steals 2nd base 1-1: Swinging Strike 1-2: Ground out 6-3 (Groundball, 6, EV 99.4 MPH)
|
|
Batting: LHB Matthew Bale
|
0-0: Ball 1-0: Ball 2-0: Ball 3-0: Called Strike 3-1: Called Strike 3-2: DOUBLE (Groundball, 5L, EV 108.1 MPH) Jonathon Walton scores
|
|
Batting: RHB Gary Horgan
|
0-0: Swinging Strike 0-1: Foul Ball, location: 2F 0-2: Foul Ball, location: 2F 0-2: Strikes out swinging
|
| Top of the 3rd over - 1 run, 2 hits, 0 errors, 1 left on base; Los Angeles (NYP) 1 - Lowell 3 |
| BOTTOM OF THE 3RD |
|
Lowell Spinners batting - Pitching for Los Angeles (NYP) Angels : RHP Tim Mumpower
|
|
Batting: RHB Sal Rivera
|
0-0: Ball 1-0: Ground out 5-3 (Groundball, 56, EV 109.4 MPH)
|
|
Batting: LHB Frank Olivo
|
0-0: Called Strike 0-1: Ball 1-1: Foul Ball, location: 2F 1-2: Ball 2-2: Ball 3-2: Base on Balls
|
|
Batting: RHB Alex Cardenas
|
0-0: Called Strike 0-1: Foul Ball, location: 2F 0-2: Ball 1-2: Ball 2-2: Strikes out looking
|
|
Batting: RHB Travis Campbell
|
0-0: Swinging Strike 0-1: Ball 1-1: Swinging Strike 1-2: Ball 2-2: Strikes out swinging, 2-3 out at first.
|
| Bottom of the 3rd over - 0 runs, 0 hits, 0 errors, 1 left on base; Los Angeles (NYP) 1 - Lowell 3 |
| TOP OF THE 4TH |
|
Los Angeles (NYP) Angels batting - Pitching for Lowell Spinners : RHP Andy Garvin
|
|
Batting: RHB Edward Hillock
|
0-0: Ball 1-0: Ball 2-0: Called Strike 2-1: SOLO HOME RUN (Flyball, 7D, EV 103.1 MPH), Distance : 378 ft
|
|
Batting: LHB Mutsuo IIda
|
0-0: Called Strike 0-1: Foul Ball, location: 2F 0-2: Strikes out looking and he ARGUES THE CALL AND IS TOSSED!
|
|
Batting: LHB Alberto Carrillo
|
0-0: Swinging Strike 0-1: Ball 1-1: Ball 2-1: Called Strike 2-2: Strikes out swinging
|
|
Batting: RHB Wilford Harper
|
0-0: Fly out, F8 (Flyball, 8RM, EV 91.2 MPH)
|
| Top of the 4th over - 1 run, 1 hit, 0 errors, 0 left on base; Los Angeles (NYP) 2 - Lowell 3 |
| BOTTOM OF THE 4TH |
|
Lowell Spinners batting - Pitching for Los Angeles (NYP) Angels : RHP Tim Mumpower
|
|
Now in LF: T.J. Gray
|
|
|
Batting: RHB Curt Stallings
|
0-0: Swinging Strike 0-1: Foul Ball, location: 2F 0-2: Ball 1-2: Strikes out looking
|
|
Batting: RHB Joe Sandoval
|
0-0: Called Strike 0-1: Ground out 5-3 (Groundball, 56, EV 82.5 MPH)
|
|
Batting: RHB Andy Garvin
|
0-0: Ball 1-0: Called Strike 1-1: Called Strike 1-2: SINGLE (Groundball, 6S, EV 67.5 MPH) (infield hit)
|
|
Batting: RHB Josh Smith
|
0-0: Ball Andy Garvin steals 2nd base (no throw) 1-0: Ball 2-0: Called Strike 2-1: Swinging Strike 2-2: Ball 3-2: Base on Balls
|
|
Pitching: RHP Adam Hefner
|
|
|
Batting: LHB Sergio Tinoco
|
0-0: Fly out, F8 (Flyball, 8LXD, EV 100.0 MPH)
|
| Bottom of the 4th over - 0 runs, 1 hit, 0 errors, 2 left on base; Los Angeles (NYP) 2 - Lowell 3 |
| TOP OF THE 5TH |
|
Los Angeles (NYP) Angels batting - Pitching for Lowell Spinners : RHP Andy Garvin
|
|
Batting: RHB J.R. Roberts
|
0-0: Called Strike 0-1: Foul Ball, location: 2F 0-2: Strikes out swinging
|
|
Batting: LHB Jonathon Walton
|
0-0: Swinging Strike 0-1: Swinging Strike 0-2: SINGLE (Line Drive, 4D, EV 99.4 MPH)
|
|
Batting: RHB Dan Burkhart
|
0-0: Called Strike 0-1: Ball Jonathon Walton is caught stealing 2nd base 2-4 1-1: Called Strike 1-2: Ball 2-2: Ball 3-2: Foul Ball, location: 2F 3-2: SINGLE (Line Drive, 89M, EV 100.0 MPH)
|
|
Batting: LHB Matthew Bale
|
0-0: Ball 1-0: Called Strike 1-1: Swinging Strike 1-2: Ball 2-2: Strikes out swinging
|
| Top of the 5th over - 0 runs, 2 hits, 0 errors, 1 left on base; Los Angeles (NYP) 2 - Lowell 3 |
| BOTTOM OF THE 5TH |
|
Lowell Spinners batting - Pitching for Los Angeles (NYP) Angels : RHP Adam Hefner
|
|
Batting: RHB Sal Rivera
|
0-0: Called Strike 0-1: Ball 1-1: Foul Ball, location: 2F 1-2: SINGLE (Line Drive, 78S, EV 106.2 MPH)
|
|
Batting: LHB Frank Olivo
|
0-0: Ball Sal Rivera steals 2nd base 1-0: Swinging Strike 1-1: Ball 2-1: Ball 3-1: Fly out, F7 (Flyball, 7LDF, EV 106.2 MPH) Runner from 2nd tags up, SAFE at 3rd, no throw by LF
|
|
Batting: RHB Alex Cardenas
|
0-0: Called Strike 0-1: Ball 1-1: Ball 2-1: TRIPLE (Flyball, 89XD, EV 108.8 MPH) Sal Rivera scores
|
|
Batting: RHB Travis Campbell
|
0-0: Swinging Strike 0-1: Ball 1-1: 2-RUN HOME RUN (Flyball, 78XD, EV 110.6 MPH), Distance : 425 ft
|
|
Pitching: RHP Troy Ingram
|
|
|
Batting: RHB Curt Stallings
|
0-0: Called Strike 0-1: Ball 1-1: Foul Ball, location: 2F 1-2: Foul Ball, location: 2F 1-2: Ball 2-2: Ball 3-2: Base on Balls
|
|
Batting: RHB Joe Sandoval
|
0-0: Called Strike Curt Stallings steals 2nd base (no throw) 0-1: Ground out 5-3 (Groundball, 56S, EV 68.1 MPH) Curt Stallings to third
|
|
Batting: RHB Andy Garvin
|
0-0: Ball 1-0: Swinging Strike 1-1: Ball 2-1: Called Strike 2-2: Strikes out looking
|
| Bottom of the 5th over - 3 runs, 3 hits, 0 errors, 1 left on base; Los Angeles (NYP) 2 - Lowell 6 |
| TOP OF THE 6TH |
|
Los Angeles (NYP) Angels batting - Pitching for Lowell Spinners : RHP Andy Garvin
|
|
Batting: RHB Gary Horgan
|
0-0: Ball 1-0: Swinging Strike 1-1: Ground out 4-3 (Groundball, 4D, EV 103.8 MPH)
|
|
Pitching: LHP Chris Woodruff
|
|
|
Batting: RHB Edward Hillock
|
0-0: Called Strike 0-1: Swinging Strike 0-2: Ball 1-2: Fly out, F3 (Popup, 3SF, EV 84.4 MPH)
|
|
Batting: RHB T.J. Gray
|
0-0: Ball 1-0: Foul Ball, location: 2F 1-1: Fly out, F9 (Flyball, 9LM, EV 88.1 MPH)
|
| Top of the 6th over - 0 runs, 0 hits, 0 errors, 0 left on base; Los Angeles (NYP) 2 - Lowell 6 |
| BOTTOM OF THE 6TH |
|
Lowell Spinners batting - Pitching for Los Angeles (NYP) Angels : RHP Troy Ingram
|
|
Batting: RHB Josh Smith
|
0-0: Called Strike 0-1: Foul Ball, location: 2F 0-2: Ball 1-2: Foul Ball, location: 2F 1-2: Ball 2-2: Ground out U3 (Groundball, 34S, EV 79.4 MPH)
|
|
Pitching: RHP Kevin Fleming
|
|
|
Batting: LHB Sergio Tinoco
|
0-0: Ball 1-0: Ball 2-0: Ball 3-0: Called Strike 3-1: Foul Ball, location: 2F 3-2: Base on Balls
|
|
Batting: RHB Sal Rivera
|
0-0: Ball 1-0: Swinging Strike 1-1: Ball 2-1: Ball 3-1: Fly out, F6 (Flyball, 6D, EV 90.6 MPH)
|
|
Batting: LHB Frank Olivo
|
0-0: Ball Sergio Tinoco steals 2nd, throwing error, E2 Sergio Tinoco to third 1-0: Called Strike 1-1: Swinging Strike 1-2: Foul Ball, location: 2F 1-2: Foul Ball, location: 2F 1-2: Foul Ball, location: 2F 1-2: Foul Ball, location: 2F 1-2: Ground out U3 (Groundball, 34, EV 108.1 MPH)
|
| Bottom of the 6th over - 0 runs, 0 hits, 1 error, 1 left on base; Los Angeles (NYP) 2 - Lowell 6 |
| TOP OF THE 7TH |
|
Los Angeles (NYP) Angels batting - Pitching for Lowell Spinners : LHP Chris Woodruff
|
|
Batting: LHB Alberto Carrillo
|
0-0: Ball 1-0: Swinging Strike 1-1: Ball 2-1: Ball 3-1: SINGLE (Groundball, 4S, EV 70.6 MPH) (infield hit)
|
|
Batting: RHB Wilford Harper
|
0-0: Ball 1-0: Foul Ball, location: 2F 1-1: Ball Wild Pitch! Alberto Carrillo to second 2-1: Foul Ball, location: 2F 2-2: Ball 3-2: Strikes out swinging
|
|
Batting: RHB J.R. Roberts
|
0-0: Ball 1-0: Swinging Strike 1-1: Ball 2-1: Ball 3-1: Called Strike 3-2: Strikes out looking
|
|
Batting: LHB Jonathon Walton
|
0-0: Ball 1-0: Foul Ball, location: 2F 1-1: Foul Ball, location: 2F 1-2: Strikes out swinging
|
| Top of the 7th over - 0 runs, 1 hit, 0 errors, 1 left on base; Los Angeles (NYP) 2 - Lowell 6 |
| BOTTOM OF THE 7TH |
|
Lowell Spinners batting - Pitching for Los Angeles (NYP) Angels : RHP Kevin Fleming
|
|
Pitching: RHP Josh Reynolds
|
|
|
Batting: RHB Alex Cardenas
|
0-0: Ball 1-0: Called Strike 1-1: Ball 2-1: Ball 3-1: Base on Balls
|
|
Batting: RHB Travis Campbell
|
0-0: Ball 1-0: Fly out, F9 (Flyball, 9D, EV 85.0 MPH)
|
|
Batting: RHB Curt Stallings
|
0-0: Called Strike 0-1: Called Strike 0-2: Ball 1-2: Strikes out swinging
|
|
Batting: RHB Joe Sandoval
|
0-0: Ball 1-0: Called Strike 1-1: Called Strike 1-2: Fly out, F8 (Flyball, 8LD, EV 96.9 MPH)
|
| Bottom of the 7th over - 0 runs, 0 hits, 0 errors, 1 left on base; Los Angeles (NYP) 2 - Lowell 6 |
| TOP OF THE 8TH |
|
Los Angeles (NYP) Angels batting - Pitching for Lowell Spinners : LHP Chris Woodruff
|
|
Pitching: LHP Neil Palazzo
|
|
|
Batting: RHB Dan Burkhart
|
0-0: Ball 1-0: Ball 2-0: Called Strike 2-1: Ball 3-1: Base on Balls
|
|
Batting: LHB Matthew Bale
|
0-0: Ball 1-0: Ball 2-0: Foul Ball, location: 2F 2-1: Fly out, F8 (Flyball, 8RM, EV 86.9 MPH)
|
|
Batting: RHB Gary Horgan
|
0-0: Called Strike 0-1: Foul Ball, location: 2F 0-2: Ball 1-2: Fielders Choice at 2nd, 3-6 (Groundball, 3, EV 82.5 MPH)
|
|
Batting: RHB Edward Hillock
|
0-0: Ball 1-0: Foul Ball, location: 2F 1-1: Ball 2-1: SINGLE (Line Drive, 9S, EV 99.4 MPH) Gary Horgan to second
|
|
Batting: RHB T.J. Gray
|
0-0: Ball 1-0: Ball 2-0: Fly out, F9 (Line Drive, 9, EV 96.2 MPH)
|
| Top of the 8th over - 0 runs, 1 hit, 0 errors, 2 left on base; Los Angeles (NYP) 2 - Lowell 6 |
| BOTTOM OF THE 8TH |
|
Lowell Spinners batting - Pitching for Los Angeles (NYP) Angels : RHP Josh Reynolds
|
|
Pitching: LHP Chris Fuller
|
|
|
Batting: RHB Andy Garvin
|
0-0: Ball 1-0: Swinging Strike 1-1: Ball 2-1: Swinging Strike 2-2: Strikes out swinging
|
|
Batting: RHB Josh Smith
|
0-0: Foul Ball, location: 2F 0-1: Called Strike 0-2: Ball 1-2: Ball 2-2: Ball 3-2: Foul Ball, location: 2F 3-2: Strikes out looking and he ARGUES THE CALL AND IS TOSSED!
|
|
Batting: LHB Sergio Tinoco
|
0-0: Foul Ball, location: 2F 0-1: Ball 1-1: Foul Ball, location: 2F 1-2: Foul Ball, location: 2F 1-2: Ball 2-2: Strikes out swinging
|
| Bottom of the 8th over - 0 runs, 0 hits, 0 errors, 0 left on base; Los Angeles (NYP) 2 - Lowell 6 |
| TOP OF THE 9TH |
|
Los Angeles (NYP) Angels batting - Pitching for Lowell Spinners : LHP Neil Palazzo
|
|
Pitching: RHP Perry Mills
|
|
|
Now at C: Paul Long
|
|
|
Batting: LHB Alberto Carrillo
|
0-0: Ball 1-0: Ground out 5-3 (Groundball, 56, EV 96.9 MPH)
|
|
Batting: RHB Wilford Harper
|
0-0: Called Strike 0-1: Ground out 6-3 (Groundball, 6, EV 105.0 MPH)
|
|
Batting: RHB J.R. Roberts
|
0-0: Ball 1-0: Called Strike 1-1: Foul Ball, location: 2F 1-2: Ball 2-2: Ball 3-2: Strikes out swinging
|
| Top of the 9th over - 0 runs, 0 hits, 0 errors, 0 left on base; Los Angeles (NYP) 2 - Lowell 6 |
|